cohdb
Replays
Latest Replays
All Replays
Popular Replays
Top Player Replays
Match Explorer
How It Works
Community
CoH3 Stats
Reddit
Sign in to upload your games and track your stats! →
Sign in with Steam
Match 41718598
Unlisted
Match 41718598
Overview
Messages
Build Orders
End
Royal Engineer Section
Construct Section Command Post
Selects Air and Sea Battlegroup
Dingo Light Scout Car
Infantry Section
Infantry Section
Construct Platoon Command Post
Humber Armored Car
Selects Commando Section Paradrop
Selects M1 Pack Howitzer Paradrop
Commando Section Paradrop
Selects Supply Surplus
Construct Resource Cache
Construct Resource Cache
Construct Resource Cache
Construct Company Command Post
Crusader II Medium Tank
Construct Resource Cache
Crusader II Medium Tank
Crusader II Medium Tank
Foot Guards Section
Armored Vehicle Training
Selects Anti-tank Rocket Loiter
Anti-tank Rocket Loiter
Crusader II Medium Tank
Construct Resource Cache
Construct Resource Cache
Construct Resource Cache
Selects UNKNOWN (223837)
Anti-tank Rocket Loiter
Crusader II Medium Tank
Foot Guards Section
Selects Naval Bombardment
Construct Resource Cache
Anti-tank Rocket Loiter
Unlock Towed 17-pounder Anti-tank Guns
17-pounder Anti-tank Gun Team
Unlock M3 Grant Medium Tanks
Selects Naval Bombardment
Anti-tank Rocket Loiter
M3 Grant Medium Tank
M3 Grant Medium Tank
Construct Resource Cache
Anti-tank Rocket Loiter
M3 Grant Medium Tank
Crusader II Medium Tank
Crusader II Medium Tank
Crusader II Medium Tank
demonicghost
Warpeace
Bald
Dave
0
0
Comments
sign in to comment!
No comments posted yet!